 Dungeon Crawl Stone Soup version 0.23-a0-396-g5214e5f (webtiles) character file.

3967 Gildeon the Cleaver (level 10, -7/82 HPs)
             Began as a Minotaur Fighter on Nov 1, 2018.
             Was an Elder of Trog.
             Mangled by Gastronok (28 damage)
             ... on level 8 of the Dungeon on Nov 2, 2018.
             The game lasted 00:20:49 (7335 turns).

Gildeon the Cleaver (Minotaur Fighter)              Turns: 7335, Time: 00:20:50

Health: -7/82      AC: 15    Str: 29    XL:     10   Next: 2%
Magic:  12/12      EV:  9    Int:  5    God:    Trog [****..]
Gold:   259        SH: 12    Dex: 10    Spells: 9/9 levels left

rFire    + . .     SeeInvis .   a - +2 war axe
rCold    x . .     Gourm    .   c - +0 shield
rNeg     . . .     Faith    .   u - +0 chain mail
rPois    .         Spirit   .   (helmet restricted)
rElec    .         Reflect  .   g - +0 cloak
rCorr    .         Harm     .   t - +0 pair of gloves
MR       .....                  o - +0 pair of boots
Stlth    ..........             (no amulet)
HPRegen  0.23/turn              j - +2 ring of protection
MPRegen  0.13/turn              v - ring of fire

@: mighty
A: retaliatory headbutt, horns 2
a: Berserk, Trog's Hand, Brothers in Arms, Renounce Religion


You were on level 8 of the Dungeon.
You worshipped Trog.
Trog was greatly pleased with you.
You were not hungry.

You visited 2 branches of the dungeon, and saw 9 of its levels.
You also visited: Sewer.

You collected 409 gold pieces.
You spent 150 gold pieces at shops.

Inventory:

Hand Weapons
 a - a +2 war axe (weapon)
 w - a +1 whip of flaming
 y - a +4 flail
Armour
 c - a +0 shield (worn)
 g - a +0 cloak (worn)
 o - a +0 pair of boots (worn)
 t - a +0 pair of gloves (worn)
 u - a +0 chain mail (worn)
Jewellery
 j - a +2 ring of protection (left hand)
 p - an uncursed ring of flight
 r - an uncursed ring of fire
 v - a ring of fire (right hand)
Wands
 b - a wand of disintegration (14)
Scrolls
 i - 2 scrolls of blinking
 m - 3 scrolls of fog
 n - 2 scrolls of remove curse
 C - 2 scrolls of teleportation
Potions
 e - a potion of agility
 h - a potion of haste {unknown}
 l - 4 potions of curing
 q - 2 potions of cancellation
 s - a potion of lignification {unknown}
 x - 4 potions of mutation
 D - 2 potions of ambrosia {unknown}
Comestibles
 f - 10 rations
 z - 3 chunks of flesh


   Skills:
 + Level 5.6 Fighting
 * Level 11.0 Axes
 + Level 5.5 Armour
 + Level 5.3 Dodging
 + Level 8.4 Shields
 + Level 5.3 Evocations


You had 9 spell levels left.
You didn't know any spells.
Your spell library was empty.

Dungeon Overview and Level Annotations

Branches:
Dungeon (8/15)             Temple (1/1) D:7
   Lair: D:8-11

Altars:
Ashenzari
Cheibriados
Dithmenos
Elyvilon
Fedhas
Gozag
Hepliaklqana
Kikubaaqudgha
Makhleb
Nemelex Xobeh
Okawaru
Qazlal
Ru
Sif Muna
Trog
Uskayaw
Vehumet
Wu Jian
Xom
Yredelemnul
Zin
The Shining One

Shops:
D:4 *[*   D:7 ?

Annotations:
D:8 Gastronok


Innate Abilities, Weirdness & Mutations

You reflexively headbutt those who attack you in melee.
You have a pair of horns on your head.


Message History

You headbutt Gastronok, but do no damage.
Gastronok is moderately wounded.
Unknown command.
You feel much better. Gastronok bites you!!
* * * LOW HITPOINT WARNING * * *
You feel very mighty all of a sudden.
You hit Gastronok. You headbutt Gastronok!
Gastronok is moderately wounded.
Gastronok's eyestalks stretch out, then return to normal size.
You slash Gastronok!
Gastronok is heavily wounded.
You slice Gastronok!! You headbutt Gastronok!
Gastronok is severely wounded.
You block Gastronok's attack.
You slice Gastronok!! You headbutt Gastronok!
Gastronok is almost dead.
You hit Gastronok.
Gastronok is almost dead.
Gastronok bites you!!
You die...

**,*,* *,,***
*,,,,* *,,,,***
*,,,** *,,,,,,**
*,,,,*
*****,,,**
****,* ***,,**
*,* **,..** *,*
**....,** ***
######...#,,,*
##..@..!.#**,,**
##...w...##
**,,*
#######...##..)#
*,,*
#........##*#..#
*,,*
#........#***..#
*,,*
#.#####...#*,..#
*,,* #.#
##.....,.#*
**,,* #.#
##.......***,,**
###.#
*#####,,,*,,,*


You could see Gastronok.

Vanquished Creatures
  Pikel (D:6)
  Grinder (D:5)
  Sigmund (D:5)
  A hungry ghost (D:7)
  Menkaure (D:5)
  Edmund (D:4)
  A black bear (D:6)
  3 phantoms
  2 ogres
  2 slaves (D:6)
  2 centaurs
  3 bullfrogs
  A gnoll sergeant (D:7)
  4 wights (D:7)
  12 killer bees
  2 howler monkeys (D:4)
  2 crimson imps
  2 quasits
  4 hounds
  4 orc wizards
  Crazy Yiuf (D:5)
  3 orc priests
  A centaur skeleton (D:7)
  4 worker ants
  A worker ant zombie (D:3)
  5 gnolls (D:7)
  10 adders
  2 river rats (D:4)
  A shadow imp (D:4)
  14 oozes
  An adder skeleton (D:4)
  5 worms
  2 dart slugs
  18 leopard geckos
  20 orcs
  14 ball pythons
  6 bats
  22 giant cockroaches
  9 goblins
  7 hobgoblins
  15 jackals
  4 quokkas
  11 frilled lizards
  A giant cockroach zombie (D:5)
  A jackal zombie (D:5)
  2 kobolds (D:3)
  A quokka skeleton (D:3)
  A quokka zombie (D:6)
  7 rats
  4 fungi (D:5)
243 creatures vanquished.

Vanquished Creatures (others)
  A jackal (D:6)
1 creature vanquished.

Grand Total: 244 creatures vanquished

Notes
Turn   | Place    | Note
-------+----------+-------------------------------------------
     0 | D:1      | Gildeon the Minotaur Fighter began the quest for the Orb.
     0 | D:1      | Reached XP level 1. HP: 19/19 MP: 0/0
   124 | D:1      | Reached XP level 2. HP: 26/27 MP: 1/1
   164 | D:1      | Reached skill level 3 in Axes
  1076 | D:2      | Reached XP level 3. HP: 33/33 MP: 2/2
  1086 | D:2      | Reached skill level 1 in Dodging
  1270 | D:2      | Found a faded altar of an unknown god.
  1750 | D:3      | Reached XP level 4. HP: 40/40 MP: 3/3
  1753 | D:3      | Reached skill level 4 in Axes
  1886 | D:3      | Upgraded the game from 0.23-a0-395-gcf17ac6 to
                  | 0.23-a0-396-g5214e5f
  2069 | D:3      | Reached XP level 5. HP: 46/46 MP: 4/4
  2253 | D:3      | Found a bloodstained altar of Trog.
  2261 | D:3      | Became a worshipper of Trog the Wrathful
  2468 | D:4      | Found a glowing drain.
  2478 | Sewer    | Entered a sewer
  2582 | Sewer    | Reached * piety under Trog
  2662 | Sewer    | Reached XP level 6. HP: 53/53 MP: 5/5
  2685 | Sewer    | Reached skill level 1 in Evocations
  2721 | Sewer    | Reached ** piety under Trog
  2737 | Sewer    | Reached skill level 5 in Axes
  2791 | Sewer    | Reached skill level 5 in Armour
  2894 | D:4      | Found Qanecod's General Store.
  2902 | D:4      | Bought a scroll of blinking for 75 gold pieces
  2902 | D:4      | Bought a scroll of identify for 20 gold pieces
  2916 | D:4      | Found a shadowy altar of Dithmenos.
  2963 | D:4      | Reached skill level 5 in Shields
  2968 | D:4      | Reached XP level 7. HP: 20/60 MP: 7/7
  2969 | D:4      | Reached skill level 5 in Fighting
  3223 | D:4      | Found a glowing golden altar of the Shining One.
  3240 | D:4      | Reached skill level 6 in Axes
  3246 | D:4      | Noticed Edmund
  3248 | D:4      | Found Timosyor's General Store.
  3259 | D:4      | Killed Edmund
  3275 | D:4      | Reached *** piety under Trog
  3290 | D:4      | Bought a potion of heal wounds for 55 gold pieces
  3301 | D:4      | Found Tigaops's Armour Shoppe.
  3454 | D:4      | Found an opulent altar of Gozag.
  3817 | D:4      | Reached skill level 7 in Axes
  3817 | D:4      | Reached XP level 8. HP: 68/68 MP: 8/8
  3947 | D:5      | Entered Level 5 of the Dungeon
  4006 | D:5      | Noticed Sigmund
  4015 | D:5      | Killed Sigmund
  4220 | D:5      | Reached skill level 8 in Axes
  4468 | D:5      | Noticed Grinder
  4473 | D:5      | Paralysed by Grinder for 6 turns
  4491 | D:5      | Killed Grinder
  4529 | D:5      | Noticed Menkaure
  4534 | D:5      | Killed Menkaure
  4656 | D:5      | Found a runed door.
  4661 | D:5      | Noticed Crazy Yiuf
  4664 | D:5      | Killed Crazy Yiuf
  4880 | D:6      | Noticed a dagger
  4880 | D:6      | Noticed a dagger
  4881 | D:6      | Found a hide-covered altar of Uskayaw.
  4940 | D:6      | Noticed Pikel
  4950 | D:6      | Reached skill level 5 in Dodging
  4962 | D:6      | Killed Pikel
  4962 | D:6      | Reached skill level 9 in Axes
  4962 | D:6      | Reached XP level 9. HP: 33/74 MP: 9/11
  5220 | D:6      | Found a burning altar of Makhleb.
  5225 | D:6      | Reached **** piety under Trog
  5226 | D:6      | Noticed a cacodemon
  5230 | D:6      | Found a glowing silver altar of Zin.
  5230 | D:6      | Noticed an angel
  6026 | D:7      | Reached skill level 10 in Axes
  6404 | D:7      | Found a staircase to the Ecumenical Temple.
  6417 | D:7      | Reached skill level 5 in Evocations
  6442 | Temple   | Entered the Ecumenical Temple
  6615 | D:7      | Found a radiant altar of Vehumet.
  6662 | D:7      | Found Syphaum's Magic Scroll Shoppe.
  7212 | D:8      | Reached XP level 10. HP: 74/81 MP: 12/12
  7215 | D:8      | Reached skill level 11 in Axes
  7317 | D:8      | Noticed Gastronok
  7335 | D:8      | Mangled by Gastronok

Vault maps used:
D:1:      psy_arrival_radial01
D:2:      chequers_ecumenical_altar_island
D:3:      lemuel_coloured_pillars_altar
D:4:      minmay_opposing_rooms, lemuel_crystal_altar,
          nicolae_overflow_crystal_walls, portal_sewer_entry_e, serial_shops,
          nicolae_shop_competitors_out_of_business, shop, shop_statue,
          grunt_dithmenos_shadows, uniq_edmund
D:5:      first_ration, minmay_stone_trees_medium, uniq_crazy_yiuf_cottage,
          uniq_sigmund, uniq_menkaure, uniq_grinder
D:6:      dancing_weapons_uskayaw, grunt_temple_overflow_order_and_chaos_2,
          uniq_pikel
D:7:      minmay_temple_entry_crystal_x, serial_shops, shop, basic_altar
D:8:      enter_ossuary_3, david_nohive_1, minmay_misc_feat_four_crosses,
          nicolae_sextant, uniq_gastronok
Temple:   regret_index_temple_sphere_string
Sewer:    sewer_frog_island_02

Skill      XL: |  1  2  3  4  5  6  7  8  9 10 |
---------------+-------------------------------+-----
Axes           | 3 4 5 7 9 10 11 | 11.0
Dodging        | 1 2 3 5 |  5.3
Fighting       | 4 5 |  5.6
Shields        | 4 5 7 8 |  8.4
Armour         | 4 5 |  5.5
Evocations     | 1 2 4 5 |  5.3

Action                   |  1- 3 |  4- 6 |  7- 9 | 10-12 || total
-------------------------+-------+-------+-------+-------++-------
Melee: War axe           |   106 |   216 |   321 |    13 ||   656
       Headbutt          |     9 |    28 |    46 |     6 ||    89
  Use: Scroll            |     1 |    11 |     4 |       ||    16
       Potion            |       |       |     5 |     2 ||     7
  Eat: Chunk             |     2 |     5 |     6 |       ||    13
       Ration            |       |       |     4 |       ||     4
Armor: Scale mail        |    52 |     5 |       |       ||    57
       Chain mail        |       |   128 |   165 |       ||   293
Dodge: Dodged            |    45 |    56 |   110 |     1 ||   212
Block: Shield            |    66 |   160 |   209 |     4 ||   439

Table legend:
 A = Non-vault XP
 B = Vault XP
 C = Vault XP percentage of total XP
 D = Non-vault monster count
 E = Vault monster count
 F = Vault count percentage of total count
                 A         B        C        D         E       F
            +---------+---------+-------+---------+---------+-------
      Total |    3429 |    2239 |  39.5 |     157 |      80 |  33.8
            +---------+---------+-------+---------+---------+-------
        D:1 |      40 |       0 |   0.0 |      20 |       0 |   0.0
        D:2 |      55 |       0 |   0.0 |      18 |       0 |   0.0
        D:3 |     111 |       0 |   0.0 |      26 |       0 |   0.0
        D:4 |     402 |     438 |  52.1 |      22 |      18 |  45.0
        D:5 |     452 |     704 |  60.9 |      20 |       4 |  16.7
        D:6 |     334 |     673 |  66.8 |       9 |       1 |  10.0
        D:7 |    1328 |       0 |   0.0 |      31 |       0 |   0.0
        D:8 |     707 |       0 |   0.0 |      11 |       0 |   0.0
      Sewer |       0 |     424 | 100.0 |       0 |      57 | 100.0
            +---------+---------+-------+---------+---------+-------
